 Dungeon Crawl Stone Soup version 0.26.0-10-g1f06aea511 (webtiles) character file.

Game seed: 16681825347289894851

126826 Dracia the Covert (level 16, -3/129 HPs)
             Began as a Gnoll Delver on Jan 14, 2021.
             Was the Champion of Okawaru.
             Killed by divine providence
             ... invoked by a deep elf high priest
              (10 damage)
             ... on level 3 of the Elven Halls.
             The game lasted 01:12:13 (35932 turns).

Dracia the Covert (Gnoll Delver)                   Turns: 35932, Time: 01:12:14

Health: -3/129     AC: 39    Str: 17    XL:     16   Next: 99%
Magic:  5/11       EV: 31    Int: 16    God:    Okawaru [******]
Gold:   1143       SH: 15    Dex: 20    Spells: 26/37 levels left

rFire    + . .     SeeInvis .   a - +4 war axe "Newtbane" {antimagic, *Rage rC+ Will+}
rCold    + + .     Faith    .   B - +0 kite shield {reflect}
rNeg     . . .     Spirit   .   w - +8 plate armour of Midsummer {Will+}
rPois    +         Reflect  +   f - +2 hat
rElec    .         Harm     .   U - +2 cloak {Will+}
rCorr    .         Rampage  .   L - +2 pair of gloves {archery}
Will     ++++.     Rnd*Rage +   j - +2 pair of boots {run}
Stlth    +++.......             O - amulet "Koruf" {Acrobat rPois Dex+2}
HPRegen  0.31/turn              F - ring of protection from fire
MPRegen  0.12/turn              C - ring of protection from cold

@: heroism, berserk cooldown, acrobat, slowed, studying Short Blades, very slow
A: distributed training, fangs 1, hooves 1, high mp 1, shaggy fur 1, strong nose
a: Renounce Religion, Heroism, Finesse


You were on level 3 of the Elven Halls.
You worshipped Okawaru.
Okawaru was exalted by your worship.
You visited 5 branches of the dungeon, and saw 22 of its levels.
You also visited: Ice Cave.

You collected 2048 gold pieces.
You spent 905 gold pieces at shops.


Innate Abilities, Weirdness & Mutations

Your experience applies equally to all skills.
You have very sharp teeth.
Your uncanny sense of smell can sniff out nearby items.
You have large cloven feet.
You have an increased reservoir of magic. (+10% MP)
You are covered in fur. (AC +1)


   Skills:
 + Level 12.7(17.7) Fighting
 + Level 13.9(18.9) Short Blades
 + Level 11.2(16.2) Long Blades
 + Level 11.2(16.2) Axes
 + Level 11.2(16.2) Maces & Flails
 + Level 11.2(16.2) Polearms
 + Level 11.2(16.2) Staves
 + Level 11.2(16.2) Slings
 + Level 11.2(16.2) Bows
 + Level 11.2(16.2) Crossbows
 + Level 11.2(16.2) Throwing
 + Level 11.2(16.2) Armour
 + Level 12.0(17.0) Dodging
 + Level 14.1(19.1) Stealth
 + Level 11.2(16.2) Shields
 + Level 11.2(16.2) Unarmed Combat
 + Level 11.2 Spellcasting
 + Level 9.5 Conjurations
 + Level 9.5 Hexes
 + Level 9.5 Summonings
 + Level 9.5 Necromancy
 + Level 9.5 Translocations
 + Level 9.5 Transmutations
 + Level 9.5 Fire Magic
 + Level 9.5 Ice Magic
 + Level 9.5 Air Magic
 + Level 9.5 Earth Magic
 + Level 9.5 Poison Magic
 + Level 12.1 Invocations
 + Level 11.2 Evocations


You had 26 spell levels left.
You knew the following spells:

 Your Spells              Type           Power        Failure   Level
d - Tukima's Dance        Hex            39%          7%          3
m - Metabolic Englaciati  Hex/Ice        19%          54%         5
r - Frozen Ramparts       Ice            78%          7%          3

Your spell library contained the following spells:

 Spells                   Type           Power        Failure   Level
 Animate Skeleton         Necr           78%          2%          1
 Apportation              Tloc           78%          2%          1
 Corona                   Hex            43%          2%          1
 Freeze                   Ice            100%         2%          1
 Sandblast                Erth           78%          2%          1
 Summon Small Mammal      Summ           100%         2%          1
 Ensorcelled Hibernation  Hex/Ice        78%          3%          2
 Passwall                 Tmut/Erth      32%          3%          2
 Confusing Touch          Hex            39%          7%          3
 Dazzling Flash           Conj/Hex       78%          7%          3
 Gell's Gravitas          Tloc           19%          7%          3
 Lesser Beckoning         Tloc           19%          7%          3
 Ozocubu's Armour         Ice            39%          7%          3
 Static Discharge         Conj/Air       39%          7%          3
 Animate Dead             Necr           19%          22%         4
 Hailstorm                Conj/Ice       39%          22%         4
 Petrify                  Tmut/Erth      39%          22%         4
 Summon Ice Beast         Ice/Summ       39%          22%         4
 Alistair's Intoxication  Tmut/Pois      26%          54%         5
 Borgnjor's Vile Clutch   Necr/Erth      19%          54%         5
 Lightning Bolt           Conj/Air       19%          54%         5
 Yara's Violent Unravell  Hex/Tmut       19%          54%         5
 Death Channel            Necr           19%          98%         6
 Invisibility             Hex            39%          98%         6
 Simulacrum               Ice/Necr       19%          98%         6
 Summon Hydra             Summ           19%          100%        7
 Ignition                 Fire           19%          100%        8
 Shatter                  Erth           19%          100%        9
 Tornado                  Air            19%          100%        9

Inventory:

Hand Weapons
 a - the +4 war axe "Newtbane" (weapon) {antimagic, *Rage rC+ Will+}
   (Okawaru gifted it to you on level 1 of the Elven Halls)

   It reduces the magical energy of the wielder, and disrupts the spells and
   magical abilities of those hit.
   Natural abilities and divine invocations are not affected.
   It protects you from cold.
   It affects your willpower, your defense against some magical effects.
   It may make you go berserk in combat.
 b - a +2 fustibalus of flaming
 I - the +7 lajatang of Order {silver, rMut}
   (You acquired it in an ice cave)

   It protects you from mutation.
 K - the +7 scimitar "Ophotheq" {vorpal, Will+ Int-3 SInv}
   (You bought it in a shop on level 7 of the Dungeon)

   It inflicts extra damage upon your enemies.
   It affects your intelligence (-3).
   It affects your willpower, your defense against some magical effects.
   It lets you see invisible.
 M - a +4 scimitar of flaming
Missiles
 h - 16 sling bullets
 r - 4 atropa-tipped darts (quivered)
Armour
 f - a +2 hat (worn)
 j - a +2 pair of boots of running (worn)
 w - the +8 plate armour of Midsummer (worn) {Will+}
   (You found it on level 6 of the Lair of Beasts)

   It affects your willpower, your defense against some magical effects.
 B - a +0 kite shield of reflection (worn)
 L - a +2 pair of gloves of archery (worn)
 U - a +2 cloak of willpower (worn)
Jewellery
 C - a ring of protection from cold (right hand)
 F - a ring of protection from fire (left hand)
 O - the amulet "Koruf" (around neck) {Acrobat rPois Dex+2}
   (You found it on level 9 of the Dungeon)

   [amulet of the acrobat]

   It helps you evade while moving and waiting.
   It affects your dexterity (+2).
   It protects you from poison.
Wands
 e - a wand of polymorph (7)
 g - a wand of digging (14)
 y - a wand of disintegration (33)
 z - a wand of flame (56)
 E - a wand of enslavement (12)
 H - a wand of iceblast (12)
 R - a wand of paralysis (10)
Scrolls
 d - 4 scrolls of magic mapping
 k - 11 scrolls of identify {@r1@r1}
 n - 6 scrolls of remove curse {@r2@r2}
 p - 3 scrolls of enchant weapon
 s - 2 scrolls of amnesia
 v - 17 scrolls of teleportation {@r4@r4}
 x - 2 scrolls of summoning
 A - a scroll of fear
 P - a scroll of fog
 V - 2 scrolls of silence {!r!r}
 Z - a scroll of blinking
Potions
 i - 2 potions of might
 l - a potion of brilliance
 m - 2 potions of cancellation
 q - 2 potions of flight
 t - 10 potions of curing {@q1@q1}
 D - 3 potions of haste {@q3@q3}
 G - 2 potions of ambrosia
 X - a potion of invisibility
Books
 Y - a manual of Short Blades {!d!d}
Miscellaneous
 u - a condenser vane
 J - a box of beasts

Dungeon Overview and Level Annotations

Branches:
Dungeon (10/15)            Temple (1/1) D:5            Lair (6/6) D:8
 Shoals (0/4) Lair:4        Snake (0/4) Lair:4        Slime (0/5) Lair:5
    Orc (2/2) D:9             Elf (3/3) Orc:2         IceCv (visited)

Altars:
Ashenzari
Cheibriados
Dithmenos
Elyvilon
Fedhas
Gozag
Hepliaklqana
Kikubaaqudgha
Makhleb
Nemelex Xobeh
Okawaru
Qazlal
Sif Muna
Trog
Uskayaw
Vehumet
Wu Jian
Xom
Zin
The Shining One
Beogh
Jiyva

Shops:
D:4 }((*!   D:6 *   D:7 (   Orc:2 ![??

Annotations:
D:9 2 transporters
D:10 2 transporters, kuzco6543's ghost, novice TrFi

***,∆**,,.....§...,,**,,***
**∆∆*,,,3e.1.4.,,,*,,**
******,,e423e,,******
**,,eee4e** ### ##*
#####2#### #.# #.#*
#....)EE.# * #.#
*#.#*###E1EE..# #* #.# *#.##
#..E..##
.####.######.###@###..##
#...............)......#***
##.......#######.###.....,**
.........# ##.# **##...,*
##.......# ##..## *.##,**
##.....## #....#####.##,,* *
####### #...÷(......##.# #
##....÷.......#.# #
#.....).........#


You could see a Hell Sentinel (summoned), a Tzitzimitl (summoned), a cacodemon
(summoned), a deep elf elementalist (fast, empowered, repels missiles), a soul
eater (summoned), a deep elf knight (fast, empowered), a deep elf high priest
(brilliance aura), 6 earth elementals, a rust devil (summoned) and a tormentor
(summoned).


Message History

The Hell Sentinel hits you but does no damage.
You block the Hell Sentinel's attack.
The deep elf high priest utters an invocation to its god.
The deep elf high priest begins emitting a brilliant aura!
The deep elf annihilator is empowered by the deep elf high priest's aura!
The deep elf elementalist gestures at you while chanting.
Some walls begin to move on their own!
You hear a shout!
You hit the Hell Sentinel but do no damage.
The Hell Sentinel is moderately wounded.
You hit the earth elemental but do no damage.
You barely miss the earth elemental.
You hit the earth elemental but do no damage.
Unknown command.
The tormentor calls on the powers of darkness!
The deep elf annihilator convulses!
The deep elf high priest convulses!
The deep elf knight convulses!
The deep elf master archer convulses!
The deep elf elementalist convulses!
Your body is wracked with pain!
* * * LOW HITPOINT WARNING * * *
The deep elf high priest shouts, "You must be punished!"
The earth elemental completely misses you.
You feel a strong urge to attack something.
The deep elf annihilator gestures wildly while chanting.
The deep elf annihilator blinks!
You are no longer berserk.
You are exhausted.
You feel yourself slow down.
The deep elf high priest calls down the wrath of its god upon you.
Something smites you!
You die...

Skill      XL: |  1  2  3  4  5  6  7  8  9 10 11 12 13 14 15 16 |
---------------+-------------------------------------------------+-----
Stealth        | 10 11 12 13 14 | 14.1
Long Blades    | 1 2 4 5 6 7 8 9 10 11 | 11.2
Axes           | 1 2 4 5 6 7 8 9 10 11 | 11.2
Maces & Flails | 1 2 4 5 6 7 8 9 10 11 | 11.2
Polearms       | 1 2 4 5 6 7 8 9 10 11 | 11.2
Staves         | 1 2 4 5 6 7 8 9 10 11 | 11.2
Slings         | 1 2 4 5 6 7 8 9 10 11 | 11.2
Bows           | 1 2 4 5 6 7 8 9 10 11 | 11.2
Crossbows      | 1 2 4 5 6 7 8 9 10 11 | 11.2
Throwing       | 1 2 4 5 6 7 8 9 10 11 | 11.2
Armour         | 1 2 4 5 6 7 8 9 10 11 | 11.2
Shields        | 1 2 4 5 6 7 8 9 10 11 | 11.2
Unarmed Combat | 1 2 4 5 6 7 8 9 10 11 | 11.2
Spellcasting   | 1 2 4 5 6 7 8 9 10 11 | 11.2
Invocations    | 1 2 3 4 5 6 7 8 9 10 11 12 | 12.1
Evocations     | 1 2 4 5 6 7 8 9 10 11 | 11.2
Conjurations   | 1 2 3 4 5 6 7 8 9 |  9.5
Hexes          | 1 2 3 4 5 6 7 8 9 |  9.5
Summonings     | 1 2 3 4 5 6 7 8 9 |  9.5
Necromancy     | 1 2 3 4 5 6 7 8 9 |  9.5
Translocations | 1 2 3 4 5 6 7 8 9 |  9.5
Transmutations | 1 2 3 4 5 6 7 8 9 |  9.5
Fire Magic     | 1 2 3 4 5 6 7 8 9 |  9.5
Ice Magic      | 1 2 3 4 5 6 7 8 9 |  9.5
Air Magic      | 1 2 3 4 5 6 7 8 9 |  9.5
Earth Magic    | 1 2 3 4 5 6 7 8 9 |  9.5
Poison Magic   | 1 2 3 4 5 6 7 8 9 |  9.5
Short Blades   | 5 6 7 8 9 10 11 12 13 | 13.9
Dodging        | 5 6 7 8 9 10 11 12 | 12.0
Fighting       | 7 8 9 10 11 12 | 12.7

Action                   |  1- 3 |  4- 6 |  7- 9 | 10-12 | 13-15 | 16-18 || total
-------------------------+-------+-------+-------+-------+-------+-------++-------
Melee: Short sword       |     5 |       |       |       |       |       ||     5
       Trident           |     8 |    92 |   311 |    30 |       |       ||   441
       Bite              |     2 |     5 |    22 |    81 |   231 |    94 ||   435
       Kick              |       |       |    55 |    63 |       |       ||   118
       Scimitar          |       |       |     6 |   426 |  1255 |    31 ||  1718
       War axe           |       |       |       |       |   182 |   571 ||   753
 Fire: Fustibalus        |       |       |       |       |       |     3 ||     3
Throw: Dart              |       |       |       |       |     1 |       ||     1
Invok: Heroism           |       |       |       |     2 |    17 |     7 ||    26
       Finesse           |       |       |       |       |     5 |     5 ||    10
Evoke: Wand              |       |       |       |       |     9 |     2 ||    11
       Box of beasts     |       |       |       |       |     1 |     1 ||     2
       Condenser vane    |       |       |       |       |     1 |       ||     1
  Use: Scroll            |     1 |     7 |     7 |    11 |    10 |     8 ||    44
       Potion            |       |     5 |     2 |     3 |     6 |     5 ||    21
 Stab: Sleeping          |     4 |    28 |     6 |    12 |     2 |     1 ||    53
       Invisible         |       |     1 |       |       |       |     7 ||     8
       Distracted        |       |       |       |     1 |     5 |     3 ||     9
Armor: Leather armour    |     2 |     5 |     2 |    23 |       |       ||    32
       Chain mail        |       |       |   127 |       |       |       ||   127
       Scale mail        |       |       |       |   153 |   119 |       ||   272
       Plate armour      |       |       |       |       |   439 |   335 ||   774
Dodge: Dodged            |     7 |    29 |    99 |   354 |   692 |   208 ||  1389
Block: Buckler           |       |       |    26 |   207 |   458 |       ||   691
       Kite shield       |       |       |       |       |   261 |   313 ||   574
       Reflection        |       |       |       |       |    25 |     6 ||    31
       Rpst.: Scimitar   |       |       |     1 |    80 |   158 |     2 ||   241

Levels and vault maps discovered:
D:1:      dpeg_arrival_tiny_a, layout_loops_cross
D:2:      layout_basic, uniq_jessica, uniq_terence
D:3:      layout_basic
D:4:      layout_basic, serial_shops, shop, shop, kennysheep_mini,
          kennysheep_little_box, shop, serial_glass, glass_columns_c,
          glass_columns_a
D:5:      corexii_shantytown, layout_basic, minmay_temple_entry_offerings,
          chequers_serial_rivers_micro_a, serial_bayou_pond_c
D:6:      layout_gridville, lemuel_doored_altar, lemuel_coloured_pillars_altar,
          serial_shops, nicolae_shop_trees, kennysheep_pointless_box
D:7:      layout_basic, lemuel_round_altar, serial_shops, nicolae_shop_stone,
          grunt_gozag_statues, uniq_pikel, uniq_harold
D:8:      hangedman_cross_veins, layout_rooms, nicolae_ashenzari_panopticon,
          nicolae_overflow_hidden_temple, dpeg_oklobed_lair,
          minmay_fractal_squares_diagonal_5, uniq_erica
D:9:      gammafunk_boulding_lane, layout_basic, david_orc_4, minmay_misc_feat_x
D:10:     layout_irregular_city, gammafunk_ghost_hive, serial_column_ruins,
          column_ruins_circle_medium, column_ruins_open_tiny,
          column_ruins_open_small_water, column_ruins_grid_4,
          column_ruins_open_medium, column_ruins_columns_corner,
          column_ruins_grid_2, column_ruins_open_tiny,
          amcnicky_mini_rare_corridor_liquid, lemuel_flamethrower_1
Temple:   oiseaux_autumnal_temple
Lair:1:   layout_loops_ring, serial_bayou, serial_bayou_pond_a,
          serial_bayou_pond_d, serial_bayou_crossing, serial_bayou_lagoon_a,
          nicolae_quartered_pool_medium, lemuel_fruit_fields, uniq_maggie,
          uniq_gastronok
Lair:2:   layout_concentric_octagons, eino_small_chamber_without_monster
Lair:3:   layout_regular_city, serial_bayou_pond_a,
          chequers_serial_rivers_room_a
Lair:4:   layout_gridlike, elwin_shoals_entry_rocks,
          guppyfry_snake_entry_island, grunt_forest_stairs_basic, minivault_27
Lair:5:   wander_river, layout_layer_cave, dpeg_slime_entry_enclosed_altar,
          patterned_corridor
Lair:6:   minmay_lair_end_frog_pond, layout_cave_shapes
Orc:1:    layout_caves, basic_altar
Orc:2:    pubby_orc_utopia, serial_shops, uniq_donald
Elf:1:    eino_elf_arrival_shootout, layout_loops_corners
Elf:2:    layout_loops_cross, st_stairs_10
Elf:3:    nooodl_elf_gasket, layout_rooms, portal_ice_cave_entry_ugly_swarm,
          onia_ninara_cookie, uniq_bai_suzhen

Notes
Turn   | Place    | Note
-------+----------+-------------------------------------------
     0 | D:5      | Reached skill level 9 in Stealth
     0 | D:5      | Dracia the Gnoll Delver began the quest for the Orb.
     0 | D:5      | Reached XP level 1. HP: 23/23 MP: 1/1
    21 | D:5      | Noticed an orc priest
    23 | D:5      | Noticed a jelly
    97 | D:6      | Noticed an orc warrior
    97 | D:6      | Noticed an orc wizard
   103 | D:6      | Got a fine trident
   103 | D:6      | Identified the +8 trident "Mugejaph" {vorpal, Will+} (You
                  | found it on level 6 of the Dungeon)
   147 | D:5      | Killed an orc priest
   148 | D:5      | Reached XP level 2. HP: 29/29 MP: 2/2
   148 | D:5      | Reached XP level 3. HP: 35/35 MP: 3/3
   156 | D:5      | Reached skill level 1 in Long Blades
   156 | D:5      | Reached skill level 1 in Axes
   156 | D:5      | Reached skill level 1 in Maces & Flails
   156 | D:5      | Reached skill level 1 in Polearms
   156 | D:5      | Reached skill level 1 in Staves
   156 | D:5      | Reached skill level 1 in Slings
   156 | D:5      | Reached skill level 1 in Bows
   156 | D:5      | Reached skill level 1 in Crossbows
   156 | D:5      | Reached skill level 1 in Throwing
   156 | D:5      | Reached skill level 1 in Armour
   156 | D:5      | Reached skill level 1 in Shields
   156 | D:5      | Reached skill level 1 in Unarmed Combat
   156 | D:5      | Reached skill level 1 in Spellcasting
   156 | D:5      | Reached skill level 1 in Invocations
   156 | D:5      | Reached skill level 1 in Evocations
   156 | D:5      | Reached XP level 4. HP: 40/41 MP: 3/5
   191 | D:5      | Reached skill level 1 in Conjurations
   191 | D:5      | Reached skill level 1 in Hexes
   191 | D:5      | Reached skill level 1 in Summonings
   191 | D:5      | Reached skill level 1 in Necromancy
   191 | D:5      | Reached skill level 1 in Translocations
   191 | D:5      | Reached skill level 1 in Transmutations
   191 | D:5      | Reached skill level 1 in Fire Magic
   191 | D:5      | Reached skill level 1 in Ice Magic
   191 | D:5      | Reached skill level 1 in Air Magic
   191 | D:5      | Reached skill level 1 in Earth Magic
   191 | D:5      | Reached skill level 1 in Poison Magic
   275 | D:5      | Noticed a wyvern
   283 | D:5      | Killed a wyvern
   284 | D:5      | Reached skill level 2 in Invocations
   284 | D:5      | Reached XP level 5. HP: 11/47 MP: 5/7
   284 | D:5      | Reached XP level 6. HP: 13/53 MP: 5/8
   610 | D:4      | Found Wuitair's Gadget Boutique.
   626 | D:4      | Reached skill level 5 in Short Blades
   626 | D:4      | Reached skill level 2 in Long Blades
   626 | D:4      | Reached skill level 2 in Axes
   626 | D:4      | Reached skill level 2 in Maces & Flails
   626 | D:4      | Reached skill level 2 in Polearms
   626 | D:4      | Reached skill level 2 in Staves
   626 | D:4      | Reached skill level 2 in Slings
   626 | D:4      | Reached skill level 2 in Bows
   626 | D:4      | Reached skill level 2 in Crossbows
   626 | D:4      | Reached skill level 2 in Throwing
   626 | D:4      | Reached skill level 2 in Armour
   626 | D:4      | Reached skill level 5 in Dodging
   626 | D:4      | Reached skill level 2 in Shields
   626 | D:4      | Reached skill level 2 in Unarmed Combat
   626 | D:4      | Reached skill level 2 in Spellcasting
   626 | D:4      | Reached skill level 2 in Evocations
   712 | D:4      | Found Lemeinoa's Assorted Antiques.
   741 | D:4      | Found Ruxiz's Weapon Boutique.
   755 | D:4      | Found Gaocumil's Distillery.
  1288 | D:2      | Noticed Terence
  1298 | D:2      | Killed Terence
  2133 | D:1      | Gained mutation: You have large cloven feet. [potion of
                  | mutation]
  2133 | D:1      | Gained mutation: You have an increased reservoir of magic.
                  | (+10% MP) [potion of mutation]
  2133 | D:1      | Gained mutation: You are covered in fur. (AC +1) [potion of
                  | mutation]
  2248 | D:2      | Noticed Jessica
  2252 | D:2      | Killed Jessica
  2253 | D:2      | Reached XP level 7. HP: 58/59 MP: 11/11
  2372 | D:2      | Reached skill level 7 in Fighting
  2849 | D:4      | Reached skill level 2 in Conjurations
  2849 | D:4      | Reached skill level 2 in Hexes
  2849 | D:4      | Reached skill level 2 in Summonings
  2849 | D:4      | Reached skill level 2 in Necromancy
  2849 | D:4      | Reached skill level 2 in Translocations
  2849 | D:4      | Reached skill level 2 in Transmutations
  2849 | D:4      | Reached skill level 2 in Fire Magic
  2849 | D:4      | Reached skill level 2 in Ice Magic
  2849 | D:4      | Reached skill level 2 in Air Magic
  2849 | D:4      | Reached skill level 2 in Earth Magic
  2849 | D:4      | Reached skill level 2 in Poison Magic
  3317 | D:4      | Found Kuutiurph's Antique Weapon Boutique.
  3325 | D:4      | Reached skill level 3 in Invocations
  3750 | D:5      | Reached skill level 10 in Stealth
  3823 | D:5      | Reached XP level 8. HP: 62/67 MP: 13/13
  3918 | D:5      | Found a staircase to the Ecumenical Temple.
  3934 | Temple   | Entered the Ecumenical Temple
  4166 | Temple   | Became a worshipper of Warmaster Okawaru
  4499 | D:5      | Reached skill level 3 in Long Blades
  4499 | D:5      | Reached skill level 3 in Axes
  4499 | D:5      | Reached skill level 3 in Maces & Flails
  4499 | D:5      | Reached skill level 3 in Polearms
  4499 | D:5      | Reached skill level 3 in Staves
  4499 | D:5      | Reached skill level 3 in Slings
  4499 | D:5      | Reached skill level 3 in Bows
  4499 | D:5      | Reached skill level 3 in Crossbows
  4499 | D:5      | Reached skill level 3 in Throwing
  4499 | D:5      | Reached skill level 3 in Armour
  4499 | D:5      | Reached skill level 3 in Shields
  4499 | D:5      | Reached skill level 3 in Unarmed Combat
  4499 | D:5      | Reached skill level 3 in Spellcasting
  4499 | D:5      | Reached skill level 3 in Evocations
  5295 | D:6      | Found Pyosch's General Store.
  5443 | D:6      | Found a stormy altar of Qazlal.
  5698 | D:6      | Found an ancient bone altar of Kikubaaqudgha.
  6000 | D:7      | Reached * piety under Okawaru
  6001 | D:7      | Reached skill level 4 in Invocations
  6159 | D:7      | Reached skill level 3 in Conjurations
  6159 | D:7      | Reached skill level 3 in Hexes
  6159 | D:7      | Reached skill level 3 in Summonings
  6159 | D:7      | Reached skill level 3 in Necromancy
  6159 | D:7      | Reached skill level 3 in Translocations
  6159 | D:7      | Reached skill level 3 in Transmutations
  6159 | D:7      | Reached skill level 3 in Fire Magic
  6159 | D:7      | Reached skill level 3 in Ice Magic
  6159 | D:7      | Reached skill level 3 in Air Magic
  6159 | D:7      | Reached skill level 3 in Earth Magic
  6159 | D:7      | Reached skill level 3 in Poison Magic
  6164 | D:7      | Found Inirorol's Antique Weapon Shop.
  6195 | D:7      | Noticed Pikel
  6202 | D:7      | Killed Pikel
  6203 | D:7      | Reached skill level 6 in Short Blades
  6203 | D:7      | Reached skill level 4 in Long Blades
  6203 | D:7      | Reached skill level 4 in Axes
  6203 | D:7      | Reached skill level 4 in Maces & Flails
  6203 | D:7      | Reached skill level 4 in Polearms
  6203 | D:7      | Reached skill level 4 in Staves
  6203 | D:7      | Reached skill level 4 in Slings
  6203 | D:7      | Reached skill level 4 in Bows
  6203 | D:7      | Reached skill level 4 in Crossbows
  6203 | D:7      | Reached skill level 4 in Throwing
  6203 | D:7      | Reached skill level 4 in Armour
  6203 | D:7      | Reached skill level 6 in Dodging
  6203 | D:7      | Reached skill level 4 in Shields
  6203 | D:7      | Reached skill level 4 in Unarmed Combat
  6203 | D:7      | Reached skill level 4 in Spellcasting
  6203 | D:7      | Reached skill level 4 in Evocations
  6203 | D:7      | Reached XP level 9. HP: 58/73 MP: 16/16
  6318 | D:7      | Reached ** piety under Okawaru
  6347 | D:7      | Got a transparent robe
  6348 | D:7      | Identified the +0 robe "Luerghe" {rF+ rC+} (You found it on
                  | level 7 of the Dungeon)
  6554 | D:7      | Noticed Harold
  6563 | D:7      | Found a shadowy altar of Dithmenos.
  6577 | D:7      | Killed Harold
  6577 | D:7      | Reached *** piety under Okawaru
  6577 | D:7      | HP: 7/74 [bullfrog skeleton (1)]
  6578 | D:7      | Reached skill level 8 in Fighting
  6578 | D:7      | Reached skill level 5 in Invocations
  6595 | D:7      | HP: 2/74 [white imp/puff of frost (8)]
  7027 | D:7      | Found an opulent altar of Gozag.
  7397 | D:7      | Bought a dazzling scimitar for 261 gold pieces
  7397 | D:7      | Identified the +7 scimitar "Ophotheq" {vorpal, Will+ Int-3
                  | SInv} (You bought it in a shop on level 7 of the Dungeon)
  7414 | D:8      | Reached skill level 4 in Conjurations
  7414 | D:8      | Reached skill level 4 in Hexes
  7414 | D:8      | Reached skill level 4 in Summonings
  7414 | D:8      | Reached skill level 4 in Necromancy
  7414 | D:8      | Reached skill level 4 in Translocations
  7414 | D:8      | Reached skill level 4 in Transmutations
  7414 | D:8      | Reached skill level 4 in Fire Magic
  7414 | D:8      | Reached skill level 4 in Ice Magic
  7414 | D:8      | Reached skill level 4 in Air Magic
  7414 | D:8      | Reached skill level 4 in Earth Magic
  7414 | D:8      | Reached skill level 4 in Poison Magic
  7414 | D:8      | Reached XP level 10. HP: 79/80 MP: 18/18
  7804 | D:8      | Reached skill level 5 in Long Blades
  7804 | D:8      | Reached skill level 5 in Axes
  7804 | D:8      | Reached skill level 5 in Maces & Flails
  7804 | D:8      | Reached skill level 5 in Polearms
  7804 | D:8      | Reached skill level 5 in Staves
  7804 | D:8      | Reached skill level 5 in Slings
  7804 | D:8      | Reached skill level 5 in Bows
  7804 | D:8      | Reached skill level 5 in Crossbows
  7804 | D:8      | Reached skill level 5 in Throwing
  7804 | D:8      | Reached skill level 5 in Armour
  7804 | D:8      | Reached skill level 5 in Shields
  7804 | D:8      | Reached skill level 5 in Unarmed Combat
  7804 | D:8      | Reached skill level 5 in Spellcasting
  7804 | D:8      | Reached skill level 5 in Evocations
  7854 | D:8      | Reached **** piety under Okawaru
  7988 | D:8      | Reached skill level 7 in Short Blades
  7988 | D:8      | Reached skill level 7 in Dodging
  8073 | D:8      | Found a broken altar of Ashenzari.
  8100 | D:8      | Noticed Erica
  8106 | D:8      | Killed Erica
  8152 | D:8      | Paralysed by a hornet for 2 turns
  8325 | D:8      | Reached skill level 6 in Invocations
  8428 | D:8      | Got a polished quarterstaff
  8429 | D:8      | Identified the +5 quarterstaff of Pesiucui {distort, rPois}
                  | (You found it on level 8 of the Dungeon)
  8554 | D:8      | Learned a level 3 spell: Tukima's Dance
  8562 | D:8      | Noticed a centaur warrior
  8565 | D:8      | Noticed a six-headed hydra
  8577 | D:8      | Reached skill level 11 in Stealth
  8586 | D:8      | Killed a six-headed hydra
  8591 | D:8      | Killed a centaur warrior
  8591 | D:8      | Reached ***** piety under Okawaru
  8592 | D:8      | Reached XP level 11. HP: 33/87 MP: 21/21
  8832 | D:8      | Noticed a deep elf mage
  8842 | D:8      | Killed a deep elf mage
  8843 | D:8      | Reached skill level 9 in Fighting
  8843 | D:8      | Reached skill level 6 in Long Blades
  8843 | D:8      | Reached skill level 6 in Axes
  8843 | D:8      | Reached skill level 6 in Maces & Flails
  8843 | D:8      | Reached skill level 6 in Polearms
  8843 | D:8      | Reached skill level 6 in Staves
  8843 | D:8      | Reached skill level 6 in Slings
  8843 | D:8      | Reached skill level 6 in Bows
  8843 | D:8      | Reached skill level 6 in Crossbows
  8843 | D:8      | Reached skill level 6 in Throwing
  8843 | D:8      | Reached skill level 6 in Armour
  8843 | D:8      | Reached skill level 6 in Shields
  8843 | D:8      | Reached skill level 6 in Unarmed Combat
  8843 | D:8      | Reached skill level 6 in Spellcasting
  8843 | D:8      | Reached skill level 5 in Conjurations
  8843 | D:8      | Reached skill level 5 in Hexes
  8843 | D:8      | Reached skill level 5 in Summonings
  8843 | D:8      | Reached skill level 5 in Necromancy
  8843 | D:8      | Reached skill level 5 in Translocations
  8843 | D:8      | Reached skill level 5 in Transmutations
  8843 | D:8      | Reached skill level 5 in Fire Magic
  8843 | D:8      | Reached skill level 5 in Ice Magic
  8843 | D:8      | Reached skill level 5 in Air Magic
  8843 | D:8      | Reached skill level 5 in Earth Magic
  8843 | D:8      | Reached skill level 5 in Poison Magic
  8843 | D:8      | Reached skill level 6 in Evocations
  8902 | D:8      | Got a pitted scale mail
  8903 | D:8      | Identified the +4 scale mail of Opeqe {+Inv rN+} (You found
                  | it on level 8 of the Dungeon)
  9021 | D:8      | Found a snail-covered altar of Cheibriados.
  9044 | D:8      | Noticed a centaur warrior
  9052 | D:8      | Killed a centaur warrior
  9052 | D:8      | Received a gift from Okawaru
  9295 | D:8      | Found a staircase to the Lair.
  9606 | Lair:1   | Entered Level 1 of the Lair of Beasts
  9821 | Lair:1   | Noticed Gastronok
  9825 | Lair:1   | Noticed Maggie
  9836 | Lair:1   | Killed Gastronok
  9837 | Lair:1   | Reached skill level 8 in Short Blades
  9837 | Lair:1   | Reached skill level 8 in Dodging
  9837 | Lair:1   | Reached skill level 7 in Invocations
  9841 | Lair:1   | Killed Maggie
 10590 | Lair:1   | Received a gift from Okawaru
 11075 | Lair:2   | Noticed a five-headed hydra
 11083 | Lair:2   | Killed a one-headed hydra
 11088 | Lair:2   | Noticed a five-headed hydra
 11301 | Lair:2   | Killed a three-headed hydra
 11302 | Lair:2   | Reached XP level 12. HP: 76/96 MP: 24/24
 11481 | Lair:1   | Reached skill level 7 in Long Blades
 11481 | Lair:1   | Reached skill level 7 in Axes
 11481 | Lair:1   | Reached skill level 7 in Maces & Flails
 11481 | Lair:1   | Reached skill level 7 in Polearms
 11481 | Lair:1   | Reached skill level 7 in Staves
 11481 | Lair:1   | Reached skill level 7 in Slings
 11481 | Lair:1   | Reached skill level 7 in Bows
 11481 | Lair:1   | Reached skill level 7 in Crossbows
 11481 | Lair:1   | Reached skill level 7 in Throwing
 11481 | Lair:1   | Reached skill level 7 in Armour
 11481 | Lair:1   | Reached skill level 7 in Shields
 11481 | Lair:1   | Reached skill level 7 in Unarmed Combat
 11481 | Lair:1   | Reached skill level 7 in Spellcasting
 11481 | Lair:1   | Reached skill level 7 in Evocations
 12265 | Lair:2   | Noticed a six-headed hydra
 12275 | Lair:2   | Killed a one-headed hydra
 12276 | Lair:2   | Reached skill level 6 in Conjurations
 12276 | Lair:2   | Reached skill level 6 in Hexes
 12276 | Lair:2   | Reached skill level 6 in Summonings
 12276 | Lair:2   | Reached skill level 6 in Necromancy
 12276 | Lair:2   | Reached skill level 6 in Translocations
 12276 | Lair:2   | Reached skill level 6 in Transmutations
 12276 | Lair:2   | Reached skill level 6 in Fire Magic
 12276 | Lair:2   | Reached skill level 6 in Ice Magic
 12276 | Lair:2   | Reached skill level 6 in Air Magic
 12276 | Lair:2   | Reached skill level 6 in Earth Magic
 12276 | Lair:2   | Reached skill level 6 in Poison Magic
 12369 | Lair:2   | Received a gift from Okawaru
 12442 | Lair:2   | Reached skill level 8 in Invocations
 13034 | Lair:3   | Reached ****** piety under Okawaru
 13661 | Lair:3   | Reached skill level 10 in Fighting
 13687 | Lair:3   | Identified a +2 pair of boots of running (You found it on
                  | level 3 of the Lair of Beasts)
 14378 | Lair:3   | Reached skill level 9 in Short Blades
 14378 | Lair:3   | Reached skill level 9 in Dodging
 14863 | Lair:4   | Reached skill level 12 in Stealth
 14919 | Lair:4   | Noticed a seven-headed hydra
 14939 | Lair:4   | Killed a one-headed hydra
 15183 | Lair:4   | Learned a level 3 spell: Frozen Ramparts
 15187 | Lair:4   | Noticed a six-headed hydra
 15198 | Lair:4   | Killed a one-headed hydra
 15199 | Lair:4   | Reached XP level 13. HP: 87/103 MP: 27/27
 15332 | Lair:4   | Found a staircase to the Shoals.
 15861 | Lair:4   | Reached skill level 8 in Long Blades
 15861 | Lair:4   | Reached skill level 8 in Axes
 15861 | Lair:4   | Reached skill level 8 in Maces & Flails
 15861 | Lair:4   | Reached skill level 8 in Polearms
 15861 | Lair:4   | Reached skill level 8 in Staves
 15861 | Lair:4   | Reached skill level 8 in Slings
 15861 | Lair:4   | Reached skill level 8 in Bows
 15861 | Lair:4   | Reached skill level 8 in Crossbows
 15861 | Lair:4   | Reached skill level 8 in Throwing
 15861 | Lair:4   | Reached skill level 8 in Armour
 15861 | Lair:4   | Reached skill level 8 in Shields
 15861 | Lair:4   | Reached skill level 8 in Unarmed Combat
 15861 | Lair:4   | Reached skill level 8 in Spellcasting
 15861 | Lair:4   | Reached skill level 8 in Evocations
 16066 | Lair:4   | Found a staircase to the Snake Pit.
 16243 | Lair:4   | Received a gift from Okawaru
 16772 | Lair:5   | Reached skill level 9 in Invocations
 17082 | Lair:5   | Found a viscous altar of Jiyva.
 17083 | Lair:5   | Found a staircase to the Slime Pits.
 17860 | Lair:6   | Entered Level 6 of the Lair of Beasts
 17904 | Lair:6   | Reached skill level 7 in Conjurations
 17904 | Lair:6   | Reached skill level 7 in Hexes
 17904 | Lair:6   | Reached skill level 7 in Summonings
 17904 | Lair:6   | Reached skill level 7 in Necromancy
 17904 | Lair:6   | Reached skill level 7 in Translocations
 17904 | Lair:6   | Reached skill level 7 in Transmutations
 17904 | Lair:6   | Reached skill level 7 in Fire Magic
 17904 | Lair:6   | Reached skill level 7 in Ice Magic
 17904 | Lair:6   | Reached skill level 7 in Air Magic
 17904 | Lair:6   | Reached skill level 7 in Earth Magic
 17904 | Lair:6   | Reached skill level 7 in Poison Magic
 17976 | Lair:6   | Received a gift from Okawaru
 17977 | Lair:6   | Reached skill level 10 in Short Blades
 18508 | Lair:6   | Received a gift from Okawaru
 19004 | Lair:6   | Reached XP level 14. HP: 91/111 MP: 29/29
 19101 | Lair:6   | Reached skill level 10 in Dodging
 19368 | Lair:5   | HP: 11/111 [poisoned by a cane toad]
 19374 | Lair:5   | HP: 9/111 [poisoned by a cane toad]
 19379 | Lair:5   | HP: 8/111 [poisoned by a cane toad]
 19386 | Lair:5   | HP: 8/111 [poisoned by a cane toad]
 19394 | Lair:5   | HP: 9/111 [poisoned by a cane toad]
 19857 | Lair:6   | Reached skill level 11 in Fighting
 19862 | Lair:6   | Reached skill level 9 in Long Blades
 19862 | Lair:6   | Reached skill level 9 in Axes
 19862 | Lair:6   | Reached skill level 9 in Maces & Flails
 19862 | Lair:6   | Reached skill level 9 in Polearms
 19862 | Lair:6   | Reached skill level 9 in Staves
 19862 | Lair:6   | Reached skill level 9 in Slings
 19862 | Lair:6   | Reached skill level 9 in Bows
 19862 | Lair:6   | Reached skill level 9 in Crossbows
 19862 | Lair:6   | Reached skill level 9 in Throwing
 19862 | Lair:6   | Reached skill level 9 in Armour
 19862 | Lair:6   | Reached skill level 9 in Shields
 19862 | Lair:6   | Reached skill level 9 in Unarmed Combat
 19862 | Lair:6   | Reached skill level 9 in Spellcasting
 19862 | Lair:6   | Reached skill level 9 in Evocations
 20045 | Lair:6   | Learned a level 5 spell: Metabolic Englaciation
 20504 | Lair:6   | Received a gift from Okawaru
 20746 | Lair:6   | Got a translucent plate armour
 20747 | Lair:6   | Identified the +8 plate armour of Midsummer {Will+} (You
                  | found it on level 6 of the Lair of Beasts)
 20969 | D:8      | Found a radiant altar of Vehumet.
 21136 | D:9      | Found a transporter.
 21137 | D:9      | Found a transporter.
 21408 | D:9      | Found a staircase to the Orcish Mines.
 21656 | D:9      | Got a scorched crystal amulet
 21657 | D:9      | Identified the amulet "Koruf" {Acrobat rPois Dex+2} (You
                  | found it on level 9 of the Dungeon)
 21996 | D:10     | Entered Level 10 of the Dungeon
 22231 | D:10     | Found a transporter.
 22235 | D:10     | Found a transporter.
 22235 | D:10     | Noticed kuzco6543's ghost (novice TrFi)
 22728 | D:7      | Bought a faintly glowing hand axe for 232 gold pieces
 22728 | D:7      | Bought a steaming mace for 232 gold pieces
 22731 | D:7      | Identified the +5 hand axe "Monloha" {vorpal, *Slow rPois
                  | Str+6 Dex+10} (You bought it in a shop on level 7 of the
                  | Dungeon)
 22732 | D:7      | Identified the cursed +1 mace "Wemasty" {vorpal, +Fly} (You
                  | bought it in a shop on level 7 of the Dungeon)
 22835 | Orc:1    | Entered Level 1 of the Orcish Mines
 23031 | Orc:1    | Reached skill level 10 in Invocations
 23135 | Orc:1    | Found a roughly hewn altar of Beogh.
 23468 | Orc:2    | Entered Level 2 of the Orcish Mines
 23501 | Orc:2    | Reached skill level 11 in Short Blades
 23754 | Orc:2    | Received a gift from Okawaru
 23960 | Orc:2    | Found a staircase to the Elven Halls.
 24334 | Orc:2    | Noticed Donald
 24363 | Orc:2    | Received a gift from Okawaru
 24364 | Orc:2    | Killed Donald
 24375 | Orc:2    | Noticed Saint Roka
 24392 | Orc:2    | Killed Saint Roka
 24393 | Orc:2    | Reached skill level 13 in Stealth
 24393 | Orc:2    | Reached skill level 8 in Conjurations
 24393 | Orc:2    | Reached skill level 8 in Hexes
 24393 | Orc:2    | Reached skill level 8 in Summonings
 24393 | Orc:2    | Reached skill level 8 in Necromancy
 24393 | Orc:2    | Reached skill level 8 in Translocations
 24393 | Orc:2    | Reached skill level 8 in Transmutations
 24393 | Orc:2    | Reached skill level 8 in Fire Magic
 24393 | Orc:2    | Reached skill level 8 in Ice Magic
 24393 | Orc:2    | Reached skill level 8 in Air Magic
 24393 | Orc:2    | Reached skill level 8 in Earth Magic
 24393 | Orc:2    | Reached skill level 8 in Poison Magic
 24421 | Orc:2    | Received a gift from Okawaru
 24797 | Orc:2    | Found a roughly hewn altar of Beogh.
 24817 | Orc:2    | Found Noucwel's Magic Scroll Shoppe.
 24824 | Orc:2    | Bought a scroll of vulnerability for 90 gold pieces
 24824 | Orc:2    | Bought a scroll of silence for 90 gold pieces
 24909 | Orc:2    | Found Boebur's Magic Scroll Emporium.
 25334 | Orc:2    | Found a roughly hewn altar of Beogh.
 25425 | Orc:2    | Found Coyngurph's Distillery.
 25439 | Orc:2    | Received a gift from Okawaru
 25499 | Orc:2    | Found Wyusis's Armour Shoppe.
 25507 | Orc:2    | Reached XP level 15. HP: 119/119 MP: 31/31
 26130 | Elf:1    | Entered Level 1 of the Elven Halls
 26196 | Orc:2    | Got a shimmering kite shield {god gift}
 26197 | Orc:2    | Identified the +0 kite shield of Weightlessness {Harm Will-
                  | Int+2 Dex+3} (Okawaru gifted it to you on level 2 of the
                  | Orcish Mines)
 26263 | Elf:1    | Identified the Compendium of Calling and Earth
 26654 | Elf:1    | Reached skill level 12 in Short Blades
 26959 | Elf:1    | HP: 12/120 [deep elf knight/stone arrow (16)]
 26968 | Elf:1    | Reached skill level 10 in Long Blades
 26968 | Elf:1    | Reached skill level 10 in Axes
 26968 | Elf:1    | Reached skill level 10 in Maces & Flails
 26968 | Elf:1    | Reached skill level 10 in Polearms
 26968 | Elf:1    | Reached skill level 10 in Staves
 26968 | Elf:1    | Reached skill level 10 in Slings
 26968 | Elf:1    | Reached skill level 10 in Bows
 26968 | Elf:1    | Reached skill level 10 in Crossbows
 26968 | Elf:1    | Reached skill level 10 in Throwing
 26968 | Elf:1    | Reached skill level 10 in Armour
 26968 | Elf:1    | Reached skill level 10 in Shields
 26968 | Elf:1    | Reached skill level 10 in Unarmed Combat
 26968 | Elf:1    | Reached skill level 10 in Spellcasting
 26968 | Elf:1    | Reached skill level 10 in Evocations
 26984 | Elf:1    | HP: 5/120 [+6 glaive of protection (15)]
 27779 | Elf:1    | Reached skill level 11 in Dodging
 27847 | Elf:1    | Received a gift from Okawaru
 28151 | Elf:1    | Reached skill level 11 in Invocations
 28212 | Elf:1    | Got a fading war axe {god gift}
 28213 | Elf:1    | Identified the +4 war axe "Newtbane" {antimagic, *Rage rC+
                  | Will+} (Okawaru gifted it to you on level 1 of the Elven
                  | Halls)
 29195 | Elf:2    | Received a gift from Okawaru
 29218 | Elf:2    | Reached skill level 12 in Fighting
 29454 | Elf:2    | Received a gift from Okawaru
 29503 | Elf:2    | Received a gift from Okawaru
 29504 | Elf:2    | Reached XP level 16. HP: 109/127 MP: 7/33
 29559 | Elf:2    | Reached skill level 13 in Short Blades
 29569 | Elf:2    | Reached skill level 9 in Conjurations
 29569 | Elf:2    | Reached skill level 9 in Hexes
 29569 | Elf:2    | Reached skill level 9 in Summonings
 29569 | Elf:2    | Reached skill level 9 in Necromancy
 29569 | Elf:2    | Reached skill level 9 in Translocations
 29569 | Elf:2    | Reached skill level 9 in Transmutations
 29569 | Elf:2    | Reached skill level 9 in Fire Magic
 29569 | Elf:2    | Reached skill level 9 in Ice Magic
 29569 | Elf:2    | Reached skill level 9 in Air Magic
 29569 | Elf:2    | Reached skill level 9 in Earth Magic
 29569 | Elf:2    | Reached skill level 9 in Poison Magic
 29963 | Elf:2    | Received a gift from Okawaru
 30090 | Elf:2    | Found a runed translucent gate.
 30090 | Elf:2    | Found a runed translucent gate.
 30090 | Elf:2    | Found a runed translucent gate.
 30610 | Elf:2    | Received a gift from Okawaru
 30995 | Elf:2    | HP: 8/128 [+1 vorpal scimitar (12)]
 31034 | Elf:2    | HP: 9/128 [fire elemental[a deep elf mage] (5)]
 31051 | Elf:2    | HP: 19/192 [poisoned by a +0 glaive of venom]
 31057 | Elf:2    | HP: 11/128 [poisoned by a +0 glaive of venom]
 31062 | Elf:2    | HP: 10/128 [poisoned by a +0 glaive of venom]
 31067 | Elf:2    | HP: 9/128 [poisoned by a +0 glaive of venom]
 31073 | Elf:2    | HP: 10/128 [poisoned by a +0 glaive of venom]
 32149 | Elf:2    | Received a gift from Okawaru
 32977 | Elf:2    | Received a gift from Okawaru
 33402 | Elf:3    | Entered Level 3 of the Elven Halls
 33473 | Elf:3    | Found a frozen archway.
 33486 | Elf:3    | Received a gift from Okawaru
 33496 | Elf:3    | Received a gift from Okawaru
 33497 | Elf:3    | Reached skill level 11 in Long Blades
 33497 | Elf:3    | Reached skill level 11 in Axes
 33497 | Elf:3    | Reached skill level 11 in Maces & Flails
 33497 | Elf:3    | Reached skill level 11 in Polearms
 33497 | Elf:3    | Reached skill level 11 in Staves
 33497 | Elf:3    | Reached skill level 11 in Slings
 33497 | Elf:3    | Reached skill level 11 in Bows
 33497 | Elf:3    | Reached skill level 11 in Crossbows
 33497 | Elf:3    | Reached skill level 11 in Throwing
 33497 | Elf:3    | Reached skill level 11 in Armour
 33497 | Elf:3    | Reached skill level 11 in Shields
 33497 | Elf:3    | Reached skill level 11 in Unarmed Combat
 33497 | Elf:3    | Reached skill level 11 in Spellcasting
 33497 | Elf:3    | Reached skill level 11 in Evocations
 33517 | Elf:3    | Reached skill level 14 in Stealth
 33522 | IceCv    | Entered an ice cave
 34270 | IceCv    | Received a gift from Okawaru
 34944 | IceCv    | Reached skill level 12 in Invocations
 35306 | IceCv    | Noticed an Ice Fiend
 35327 | IceCv    | Killed an Ice Fiend
 35361 | IceCv    | Identified a scroll of acquirement
 35361 | IceCv    | Acquired the +7 lajatang of Order {silver, rMut}
 35362 | IceCv    | Found the +7 lajatang of Order {silver, rMut}
 35909 | Elf:3    | Received a gift from Okawaru
 35914 | Elf:3    | Reached skill level 12 in Dodging
 35914 | Elf:3    | Noticed a Hell Sentinel
 35918 | Elf:3    | Noticed a Tzitzimitl
 35919 | Elf:3    | Noticed a Tzitzimitl
 35924 | Elf:3    | Noticed a deep elf master archer
 35926 | Elf:3    | HP: 18/193 [deep elf high priest/divine providence (14)]
 35932 | Elf:3    | Killed from afar by a deep elf high priest

Vanquished Creatures
  Saint Roka (Orc:2)
  An Ice Fiend (IceCv)
  Gastronok (Lair:1)
  A very ugly thing (Elf:3)
  A deep elf demonologist (Elf:2)
  A deep elf death mage (Elf:3)
  2 deep elf high priests (Elf:3)
  Harold (D:7)
  9 hydras
  Erica (D:8)
  2 two-headed ogres (Orc:2)
  2 centaur warriors (D:8)
  28 dancing weapons
  3 orc high priests (Orc:2)
  14 deep elf knights
  44 deep elf magi
  Pikel (D:7)
  3 orc knights (Orc:2)
  14 deep elf archers
  4 orc sorcerers (Orc:2)
  A salamander (shapeshifter) (Elf:2)
  7 ugly things (Elf:3)
  12 elephants
  An ice statue (IceCv)
  2 black mambas
  20 cane toads
  Maggie (Lair:1)
  3 freezing wraiths (IceCv)
  14 komodo dragons
  3 anaconda simulacra (IceCv)
  3 trolls
  7 ice devils (IceCv)
  A hornet (D:8)
  3 tyrant leeches (Lair:6)
  A polar bear (Lair:4)
  A slime creature (D:8)
  18 blink frogs (Lair:6)
  5 air elementals
  2 dire elephant simulacra (IceCv)
  3 wyverns
  28 yaks
  3 basilisks
  2 fire bats (Lair:4)
  3 water elementals
  3 fire elementals
  2 steam dragons
  A death yak simulacrum (IceCv)
  6 vampire mosquitoes (Lair:6)
  3 harpy simulacra (IceCv)
  2 nagas (Lair:4)
  3 iron troll simulacra (IceCv)
  5 wargs
  6 hydra simulacra (IceCv)
  13 water moccasins
  A phantom (D:9)
  43 orc warriors
  2 sky beasts
  7 ice beasts
  A black bear (D:7)
  9 wolves
  2 centaurs (D:8)
  2 ettin simulacra (IceCv)
  18 ogres
  22 bullfrogs
  A gnoll sergeant (D:9)
  5 earth elementals
  4 scorpions
  An elephant simulacrum (IceCv)
  15 killer bees
  3 wights (D:10)
  A howler monkey (D:9)
  6 electric eels
  5 jellies
  A lava snake (Lair:4)
  A bullfrog zombie (D:8)
  2 draconian simulacra (IceCv)
  2 bullfrog skeletons
  31 orc priests
  3 hounds
  14 orc wizards
  A centaur skeleton (D:8)
  3 iguanas
  Jessica (D:2)
  Terence (D:2)
  8 worker ants
  3 troll simulacra (IceCv)
  A spriggan simulacrum (IceCv)
  2 centaur simulacra (IceCv)
  4 hound skeletons
  8 adders
  7 gnolls
  A howler monkey skeleton (D:2)
  3 naga simulacra (IceCv)
  An ogre simulacrum (IceCv)
  A shadow imp (D:8)
  13 white imps
  10 ufetubi
  An ooze (D:6)
  An adder skeleton (D:9)
  4 worms
  A dart slug (D:3)
  7 leopard geckos
  116 orcs
  2 ball pythons
  9 giant cockroaches
  15 goblins
  19 hobgoblins
  7 jackals
  5 quokkas
  10 bats
  3 frilled lizards
  16 kobolds
  A leopard gecko zombie (D:8)
  10 rats
819 creatures vanquished.

Vanquished Creatures (collateral kills)
  Donald (Orc:2)
  A dancing weapon (Elf:2)
  An orc high priest (Orc:2)
  A deep elf mage (Elf:2)
  An orc sorcerer (Orc:2)
  2 orc warriors (Orc:2)
  3 orc priests (Orc:2)
10 creatures vanquished.

Vanquished Creatures (others)
  A deep elf demonologist (Elf:1)
  A deep elf mage (Elf:2)
  A killer bee (D:10)
  An orc (Orc:2)
  32 fungi
  94 plants
130 creatures vanquished.

Grand Total: 959 creatures vanquished

Table legend: (Time is in decaauts)
 A = Elapsed time spent in this place.
 B = Non-inter-level travel time spent in this place.
 C = Inter-level travel time spent in this place.
 D = Time resting spent in this place.
 E = Time spent auto-exploring this place.
 F = Levels seen in this place.
 G = Mean time per level.
                   A        B        C        D        E       F      G
               +--------+--------+--------+--------+--------+-----+--------+
         Total |  35051 |  32831 |   2220 |   8893 |  18681 |  23 | 1524.0 |
       Dungeon |  11524 |  10478 |   1046 |   1426 |   7411 |  10 | 1152.4 |
        Temple |    270 |    239 |     31 |      0 |    237 |   1 |  270.0 |
          Lair |  11301 |  10797 |    504 |   3047 |   6377 |   6 | 1883.5 |
  Orcish Mines |   3183 |   2866 |    317 |    672 |   1573 |   2 | 1591.5 |
   Elven Halls |   6415 |   6094 |    321 |   2591 |   2326 |   3 | 2138.3 |
      Ice Cave |   2355 |   2355 |      0 |   1155 |    755 |   1 | 2355.0 |
               +--------+--------+--------+--------+--------+-----+--------+

Top non-repeatable levels by time:
   Elf:2: 3548 daAuts
   Elf:1: 2720 daAuts
   Orc:2: 2530 daAuts
   IceCv: 2355 daAuts
  Lair:5: 2327 daAuts
     D:8: 2303 daAuts
  Lair:4: 1995 daAuts
  Lair:1: 1984 daAuts
  Lair:3: 1810 daAuts
  Lair:6: 1707 daAuts
     D:7: 1609 daAuts
     D:5: 1597 daAuts
  Lair:2: 1475 daAuts
     D:9: 1349 daAuts
     D:4: 1108 daAuts

Table legend:
 A = Non-vault XP
 B = Vault XP
 C = Vault XP percentage of total XP
 D = Non-vault monster count
 E = Vault monster count
 F = Vault count percentage of total count
                 A         B        C        D         E       F
            +---------+---------+-------+---------+---------+-------
      Total |   92847 |   88333 |  48.8 |     449 |     382 |  46.0
            +---------+---------+-------+---------+---------+-------
        D:1 |      32 |       0 |   0.0 |      19 |       0 |   0.0
        D:2 |      88 |      73 |  45.3 |      27 |       2 |   6.9
        D:3 |      61 |       0 |   0.0 |      26 |       0 |   0.0
        D:4 |     469 |       0 |   0.0 |      14 |       0 |   0.0
        D:5 |     577 |     113 |  16.4 |      16 |      36 |  69.2
        D:6 |     379 |       0 |   0.0 |      15 |       0 |   0.0
        D:7 |    1229 |    1580 |  56.2 |      29 |       2 |   6.5
        D:8 |    2572 |    4984 |  66.0 |      30 |      25 |  45.5
        D:9 |    1275 |     800 |  38.6 |      24 |      19 |  44.2
       D:10 |     927 |       0 |   0.0 |      15 |       0 |   0.0
     Lair:1 |    2889 |    2479 |  46.2 |      10 |       2 |  16.7
     Lair:2 |    6385 |       0 |   0.0 |      16 |       0 |   0.0
     Lair:3 |    5212 |       0 |   0.0 |      26 |       0 |   0.0
     Lair:4 |    8736 |     329 |   3.6 |      23 |       2 |   8.0
     Lair:5 |    3690 |       0 |   0.0 |      20 |       0 |   0.0
     Lair:6 |    7801 |   12083 |  60.8 |      23 |      47 |  67.1
      Orc:1 |    1816 |       0 |   0.0 |      31 |       0 |   0.0
      Orc:2 |       0 |   22160 | 100.0 |       0 |     143 | 100.0
      Elf:1 |   23245 |    1217 |   5.0 |      42 |       2 |   4.5
      Elf:2 |   22385 |   22930 |  50.6 |      38 |      32 |  45.7
      Elf:3 |    3079 |    8566 |  73.6 |       5 |      11 |  68.8
      IceCv |       0 |   11019 | 100.0 |       0 |      59 | 100.0
            +---------+---------+-------+---------+---------+-------
